[ AOE2 MATCH · #476631759 ]
UnrankedBurmese vs Vietnamese
[ REPLAY ANALYSIS · EXTRACTED FROM THE RECORDED GAME ]
Feudal
11:21
Castle
14:51
Imperial
35:09
| APM avg | 44.6 |
| APM peak | 95 |
| eAPM avg | 28.3 |
| Villagers / military | 164 / 41 |
Focus
⚔️ 26.5% · 🌾 73.5%
Battle Elephant ×22 · Monk ×11 · Spearman ×6 · Mangonel ×1 · Battering Ram ×1
Feudal
11:17
Castle
14:51
Imperial
29:31
| APM avg | 51.2 |
| APM peak | 92 |
| eAPM avg | 29.2 |
| Villagers / military | 139 / 136 |
Focus
⚔️ 31.0% · 🌾 69.0%
Spearman ×106 · Mangonel ×19 · Bombard Cannon ×9 · Battering Ram ×1 · Trebuchet (Packed) ×1
Feudal
14:00
Castle
17:32
Imperial
—
| APM avg | 27.6 |
| APM peak | 69 |
| eAPM avg | 16.6 |
| Villagers / military | 69 / 3 |
Focus
⚔️ 23.1% · 🌾 76.9%
Scout Cavalry ×3 · Trade Cart ×1
Feudal
9:32
Castle
24:19
Imperial
36:04
| APM avg | 75.1 |
| APM peak | 120 |
| eAPM avg | 33.9 |
| Villagers / military | 99 / 84 |
Focus
⚔️ 57.2% · 🌾 42.8%
Archer ×60 · Cavalry Archer ×19 · Fire Lancer ×4 · Spearman ×1
Feudal
10:33
Castle
14:16
Imperial
—
| APM avg | 57.0 |
| APM peak | 91 |
| eAPM avg | 27.5 |
| Villagers / military | 64 / 18 |
Focus
⚔️ 26.6% · 🌾 73.4%
Mangonel ×9 · Warrior Priest ×6 · Scorpion ×2 · Battering Ram ×1
Feudal
11:21
Castle
16:41
Imperial
30:58
| APM avg | 57.1 |
| APM peak | 114 |
| eAPM avg | 35.9 |
| Villagers / military | 185 / 108 |
Focus
⚔️ 49.4% · 🌾 50.6%
Cavalry Archer ×76 · Tarkan ×22 · Trebuchet (Packed) ×8 · Trade Cart ×3 · Mangonel ×2
Feudal
13:19
Castle
16:50
Imperial
31:01
| APM avg | 49.6 |
| APM peak | 75 |
| eAPM avg | 29.4 |
| Villagers / military | 137 / 98 |
Focus
⚔️ 41.0% · 🌾 59.0%
Chu Ko Nu ×81 · Fire Lancer ×7 · Trebuchet (Packed) ×6 · Battering Ram ×4
Feudal
12:36
Castle
16:08
Imperial
31:10
| APM avg | 47.7 |
| APM peak | 81 |
| eAPM avg | 31.1 |
| Villagers / military | 134 / 145 |
Focus
⚔️ 25.1% · 🌾 74.9%
Scout Cavalry ×101 · Knight ×38 · Trebuchet (Packed) ×6
Match map
Initial resources + every placement click. Lines = walls · curves = elevation contours. ◆ gold · ⬟ stone · ● berries · ✦ relic · ◌ wall gap
Your base· ✓ Closed at 14:51 · 15t walls · 2 gate(s)
Grinchy's base· ✓ Closed at 14:51 · 18t walls · no gate
PUB | Fanjita's base· ✓ Closed at 17:32 · 58t walls · no gate
OS+ | TeMo's base· ✓ Closed at 24:19 · 69t walls · 1 gate(s)
PUB | Steak's base· Open — opponent sealed themselves in
OS +| NeoZz's base· ✓ Closed at 16:41 · 88t walls · 1 gate(s)
Nervkeks's base· ✓ Closed at 16:50 · 41t walls · no gate
OS+ | aKaTepBackWards's base· ✓ Closed at 16:08 · 7t walls · 1 gate(s)
Smoothed initial terrain · ◌ = detected wall gap · hover for details
Inputs per minute
— Somero - - Grinchy
Build order — Somero
First 150 of 413 actions detected
| 0:01 | Create | Villager (Male) |
| 0:01 | Create | Villager (Male) |
| 0:02 | Build | House |
| 0:03 | Build | House |
| 0:15 | Create | Villager (Male) |
| 0:16 | Create | Villager (Male) |
| 1:22 | Create | Villager (Male) |
| 1:23 | Create | Villager (Male) |
| 1:56 | Create | Villager (Male) |
| 2:30 | Create | Villager (Male) |
| 2:33 | Create | Villager (Male) |
| 3:06 | Create | Villager (Male) |
| 3:09 | Build | Lumber Camp |
| 3:26 | Create | Villager (Male) |
| 3:29 | Build | House |
| 3:52 | Create | Villager (Male) |
| 3:59 | Create | Villager (Male) |
| 4:36 | Build | Mill |
| 4:51 | Create | Villager (Male) |
| 4:54 | Create | Villager (Male) |
| 5:26 | Create | Villager (Male) |
| 5:28 | Build | House |
| 5:28 | Build | House |
| 5:40 | Create | Villager (Male) |
| 5:58 | Create | Villager (Male) |
| 6:10 | Build | Palisade Wall |
| 6:11 | Build | Palisade Wall |
| 6:12 | Build | Palisade Wall |
| 6:15 | Build | Palisade Wall |
| 6:19 | Create | Villager (Male) |
| 6:19 | Create | Villager (Male) |
| 6:20 | Create | Villager (Male) |
| 6:25 | Build | Palisade Gate |
| 6:39 | Build | House |
| 6:49 | Build | Palisade Wall |
| 6:50 | Create | Villager (Male) |
| 6:50 | Create | Villager (Male) |
| 6:53 | Build | Palisade Wall |
| 6:58 | Build | Palisade Gate |
| 7:01 | Create | Villager (Male) |
| 7:09 | Build | Palisade Wall |
| 7:13 | Build | House |
| 7:19 | Build | Palisade Wall |
| 7:22 | Build | Palisade Wall |
| 7:25 | Build | Palisade Wall |
| 7:29 | Build | Palisade Wall |
| 7:32 | Build | Palisade Wall |
| 7:36 | Build | Palisade Wall |
| 7:38 | Build | Palisade Wall |
| 7:41 | Build | House |
| 7:46 | Create | Villager (Male) |
| 7:46 | Create | Villager (Male) |
| 7:47 | Build | House |
| 7:58 | Create | Villager (Male) |
| 7:59 | Create | Villager (Male) |
| 8:01 | Build | Palisade Wall |
| 8:06 | Create | Villager (Male) |
| 8:06 | Create | Villager (Male) |
| 8:07 | Create | Villager (Male) |
| 8:17 | Create | Villager (Male) |
| 8:20 | Build | House |
| 8:51 | Research | Feudal Age |
| 9:02 | Build | Mining Camp |
| 9:34 | Create | Villager (Male) |
| 9:34 | Create | Villager (Male) |
| 11:21 | Age | Feudal Age |
| 11:22 | Build | Market |
| 11:23 | Build | Blacksmith |
| 11:39 | Research | Horse Collar |
| 12:08 | Research | Castle Age |
| 12:13 | Build | Farm |
| 12:15 | Build | Farm |
| 12:24 | Build | Farm |
| 12:48 | Create | Villager (Male) |
| 12:49 | Create | Villager (Male) |
| 14:07 | Build | House |
| 14:51 | Age | Castle Age |
| 14:52 | Build | Siege Workshop |
| 14:54 | Build | Monastery |
| 14:58 | Build | Palisade Wall |
| 15:04 | Create | Villager (Male) |
| 15:09 | Create | Villager (Male) |
| 15:10 | Create | Villager (Male) |
| 15:22 | Build | House |
| 15:33 | Create | Battering Ram |
| 15:35 | Create | Monk |
| 15:37 | Build | Monastery |
| 15:48 | Build | Barracks |
| 15:51 | Create | Villager (Male) |
| 16:18 | Create | Monk |
| 16:20 | Research | Sanctity |
| 16:26 | Build | Monastery |
| 16:30 | Create | Mangonel |
| 16:57 | Create | Spearman |
| 16:58 | Create | Spearman |
| 17:02 | Create | Villager (Male) |
| 17:03 | Create | Villager (Male) |
| 17:03 | Create | Villager (Male) |
| 17:07 | Build | House |
| 17:11 | Create | Villager (Male) |
| 17:11 | Create | Villager (Male) |
| 17:11 | Create | Villager (Male) |
| 17:11 | Create | Villager (Male) |
| 17:12 | Create | Villager (Male) |
| 17:12 | Create | Villager (Male) |
| 17:13 | Create | Villager (Male) |
| 17:14 | Create | Villager (Male) |
| 17:14 | Create | Villager (Male) |
| 17:32 | Research | Redemption |
| 17:49 | Create | Villager (Male) |
| 17:53 | Build | Mining Camp |
| 17:58 | Build | Mining Camp |
| 18:02 | Build | House |
| 18:15 | Create | Monk |
| 18:18 | Create | Villager (Male) |
| 18:18 | Create | Villager (Male) |
| 18:18 | Create | Villager (Male) |
| 18:19 | Build | House |
| 18:20 | Build | House |
| 18:38 | Build | House |
| 18:56 | Create | Monk |
| 18:56 | Create | Monk |
| 19:09 | Create | Spearman |
| 19:09 | Create | Spearman |
| 19:25 | Create | Monk |
| 19:50 | Create | Spearman |
| 19:50 | Create | Spearman |
| 19:59 | Create | Monk |
| 20:00 | Create | Monk |
| 20:05 | Build | Monastery |
| 20:06 | Build | Monastery |
| 20:21 | Create | Monk |
| 20:39 | Build | Town Center |
| 21:35 | Create | Villager (Male) |
| 21:53 | Create | Villager (Male) |
| 22:06 | Build | House |
| 22:07 | Create | Monk |
| 22:07 | Create | Monk |
| 22:09 | Build | House |
| 22:18 | Create | Villager (Male) |
| 22:29 | Build | Town Center |
| 22:32 | Build | House |
| 22:43 | Build | Mining Camp |
| 22:54 | Create | Villager (Male) |
| 22:54 | Create | Villager (Male) |
| 22:55 | Build | Farm |
| 22:56 | Build | Farm |
| 22:57 | Build | Farm |
| 22:58 | Build | Farm |
| 23:20 | Create | Villager (Male) |
Build order — Grinchy
First 150 of 352 actions detected
| 0:00 | Create | Villager (Male) |
| 0:01 | Create | Villager (Male) |
| 0:02 | Build | House |
| 0:03 | Build | House |
| 0:05 | Create | Villager (Male) ×2 |
| 1:17 | Build | Palisade Wall |
| 1:34 | Create | Villager (Male) |
| 1:34 | Create | Villager (Male) |
| 2:02 | Create | Villager (Male) |
| 2:02 | Create | Villager (Male) |
| 2:12 | Build | Lumber Camp |
| 2:31 | Create | Villager (Male) |
| 2:57 | Create | Villager (Male) |
| 3:23 | Create | Villager (Male) |
| 3:50 | Build | House |
| 3:55 | Create | Villager (Male) |
| 4:19 | Create | Villager (Male) |
| 4:19 | Create | Villager (Male) |
| 4:37 | Create | Villager (Male) |
| 4:37 | Create | Villager (Male) |
| 4:48 | Build | Mill |
| 5:03 | Create | Villager (Male) |
| 5:03 | Create | Villager (Male) |
| 5:28 | Create | Villager (Male) |
| 5:49 | Create | Villager (Male) |
| 6:19 | Create | Villager (Male) |
| 6:19 | Create | Villager (Male) |
| 6:20 | Create | Villager (Male) |
| 6:36 | Build | House |
| 6:46 | Create | Villager (Male) |
| 6:59 | Build | Lumber Camp |
| 7:04 | Build | Palisade Wall |
| 7:13 | Build | Palisade Wall |
| 7:15 | Build | Palisade Wall |
| 7:19 | Create | Villager (Male) |
| 8:16 | Build | Palisade Wall |
| 8:18 | Build | Palisade Wall |
| 8:24 | Build | Palisade Wall |
| 8:33 | Create | Villager (Male) |
| 8:55 | Research | Feudal Age |
| 10:02 | Create | Villager (Male) |
| 10:02 | Create | Villager (Male) |
| 10:05 | Build | House |
| 11:17 | Age | Feudal Age |
| 11:18 | Build | Market |
| 11:19 | Build | Blacksmith |
| 11:45 | Research | Double-Bit Axe |
| 11:53 | Build | Stone Wall |
| 11:55 | Build | Outpost |
| 11:59 | Create | Villager (Male) |
| 12:08 | Research | Castle Age |
| 12:21 | Research | Horse Collar |
| 12:43 | Build | House |
| 12:43 | Build | House |
| 13:05 | Build | Mining Camp |
| 13:21 | Create | Villager (Male) |
| 14:14 | Build | House |
| 14:38 | Build | House |
| 14:51 | Age | Castle Age |
| 14:52 | Create | Villager (Male) |
| 14:54 | Build | Town Center |
| 15:03 | Build | Town Center |
| 15:13 | Build | Siege Workshop |
| 15:15 | Research | Bow Saw |
| 15:23 | Create | Villager (Male) |
| 15:42 | Create | Villager (Male) |
| 15:55 | Create | Mangonel |
| 15:56 | Create | Mangonel |
| 15:59 | Build | House |
| 16:04 | Create | Villager (Male) |
| 16:18 | Build | Farm |
| 16:21 | Create | Villager (Male) |
| 16:21 | Create | Villager (Male) |
| 16:23 | Build | Farm |
| 16:36 | Build | House |
| 16:36 | Create | Villager (Male) |
| 16:39 | Build | Farm |
| 16:45 | Create | Villager (Male) |
| 16:57 | Create | Villager (Male) |
| 16:57 | Create | Villager (Male) |
| 16:58 | Create | Villager (Male) |
| 17:05 | Create | Mangonel |
| 17:08 | Create | Villager (Male) |
| 17:09 | Build | House |
| 17:12 | Build | Farm |
| 17:20 | Build | Farm |
| 17:35 | Create | Villager (Male) |
| 17:37 | Build | Farm |
| 17:39 | Build | Farm |
| 17:50 | Build | House |
| 17:50 | Create | Villager (Male) |
| 17:52 | Build | Farm |
| 17:53 | Build | Farm |
| 17:57 | Create | Villager (Male) |
| 17:58 | Create | Villager (Male) |
| 18:00 | Build | Farm |
| 18:13 | Create | Mangonel |
| 18:14 | Create | Villager (Male) |
| 18:14 | Create | Villager (Male) |
| 18:16 | Create | Villager (Male) |
| 18:20 | Build | Farm |
| 18:23 | Build | Farm |
| 18:41 | Create | Villager (Male) |
| 18:42 | Create | Villager (Male) |
| 18:42 | Create | Villager (Male) |
| 18:43 | Build | Farm |
| 18:44 | Build | Farm |
| 18:45 | Build | Farm |
| 18:47 | Build | Farm |
| 18:51 | Build | Farm |
| 18:53 | Create | Villager (Male) |
| 18:53 | Create | Villager (Male) |
| 19:14 | Create | Villager (Male) |
| 19:14 | Create | Villager (Male) |
| 19:19 | Build | Farm |
| 19:26 | Build | Farm |
| 19:26 | Build | Farm |
| 19:27 | Build | Farm |
| 19:30 | Create | Mangonel |
| 19:33 | Create | Villager (Male) |
| 19:43 | Create | Villager (Male) |
| 20:00 | Create | Villager (Male) |
| 20:19 | Create | Villager (Male) |
| 20:19 | Create | Villager (Male) |
| 20:19 | Create | Villager (Male) |
| 20:19 | Create | Villager (Male) |
| 20:20 | Create | Villager (Male) |
| 20:22 | Build | Farm |
| 20:22 | Build | Farm |
| 20:23 | Build | Farm |
| 20:23 | Build | Farm |
| 20:26 | Build | Mining Camp |
| 20:27 | Build | Farm |
| 20:28 | Build | Farm |
| 20:29 | Build | Farm |
| 20:47 | Create | Villager (Male) |
| 20:48 | Create | Villager (Male) |
| 20:49 | Create | Mangonel |
| 20:53 | Create | Villager (Male) |
| 20:53 | Create | Villager (Male) |
| 21:24 | Build | House |
| 21:26 | Create | Villager (Male) |
| 21:26 | Create | Villager (Male) |
| 21:49 | Create | Battering Ram |
| 21:53 | Create | Villager (Male) |
| 21:53 | Create | Villager (Male) |
| 21:54 | Create | Villager (Male) |
| 21:54 | Create | Villager (Male) |
| 21:54 | Create | Villager (Male) |
| 21:54 | Create | Villager (Male) |
Build order — PUB | Fanjita
First 150 of 186 actions detected
| 0:01 | Create | Villager (Male) |
| 0:01 | Create | Villager (Male) |
| 0:02 | Build | House |
| 0:03 | Build | House |
| 0:18 | Create | Villager (Male) |
| 0:56 | Create | Villager (Male) |
| 1:32 | Build | Lumber Camp |
| 1:35 | Create | Villager (Male) |
| 1:45 | Research | Loom |
| 2:12 | Create | Villager (Male) |
| 2:44 | Build | Palisade Wall |
| 3:12 | Create | Villager (Male) |
| 3:20 | Build | Palisade Gate |
| 3:34 | Create | Villager (Male) |
| 3:34 | Create | Villager (Male) |
| 3:46 | Build | Palisade Wall |
| 4:00 | Create | Villager (Male) |
| 4:16 | Create | Villager (Male) |
| 4:53 | Create | Villager (Male) |
| 5:09 | Build | Palisade Wall |
| 5:20 | Create | Villager (Male) |
| 5:24 | Build | House |
| 5:30 | Build | Palisade Wall |
| 5:33 | Build | Palisade Wall |
| 5:33 | Build | Palisade Wall |
| 6:00 | Create | Villager (Male) |
| 6:06 | Build | Palisade Wall |
| 6:24 | Create | Villager (Male) |
| 6:35 | Build | Palisade Wall |
| 6:39 | Build | Palisade Wall |
| 6:42 | Build | Palisade Wall |
| 6:42 | Create | Villager (Male) |
| 6:48 | Build | Palisade Wall |
| 6:50 | Build | Palisade Wall |
| 6:52 | Build | Palisade Wall |
| 7:07 | Create | Villager (Male) |
| 7:08 | Create | Villager (Male) |
| 7:45 | Build | House |
| 7:48 | Build | Mill |
| 7:59 | Create | Villager (Male) |
| 8:12 | Create | Villager (Male) |
| 8:52 | Create | Villager (Male) |
| 9:04 | Create | Villager (Male) |
| 9:26 | Create | Villager (Male) |
| 9:35 | Build | Farm |
| 9:35 | Build | House |
| 9:59 | Create | Villager (Male) |
| 10:02 | Build | Farm |
| 10:04 | Build | Farm |
| 10:16 | Create | Villager (Male) |
| 10:24 | Build | Palisade Wall |
| 10:32 | Build | Palisade Wall |
| 10:32 | Build | Palisade Wall |
| 10:41 | Build | Palisade Wall |
| 10:43 | Create | Villager (Male) |
| 10:53 | Build | Palisade Wall |
| 11:24 | Create | Villager (Male) |
| 11:27 | Research | Feudal Age |
| 11:27 | Research | Feudal Age |
| 11:44 | Build | Mining Camp |
| 12:46 | Build | House |
| 12:49 | Create | Villager (Male) |
| 12:49 | Create | Villager (Male) |
| 12:53 | Build | Farm |
| 13:15 | Build | Palisade Wall |
| 14:00 | Age | Feudal Age |
| 14:02 | Build | Market |
| 14:05 | Build | Blacksmith |
| 14:30 | Build | Lumber Camp |
| 14:49 | Build | Stone Wall |
| 14:52 | Research | Castle Age |
| 15:04 | Build | Stone Wall |
| 15:17 | Build | Stone Wall |
| 15:21 | Research | Double-Bit Axe |
| 15:21 | Research | Double-Bit Axe |
| 15:37 | Build | Farm |
| 15:39 | Build | Farm |
| 15:53 | Build | Outpost |
| 15:58 | Build | Outpost |
| 16:01 | Build | Stone Wall |
| 16:28 | Build | Stone Wall |
| 16:54 | Build | Barracks |
| 17:22 | Create | Villager (Male) |
| 17:28 | Build | Stable |
| 17:30 | Build | Stable |
| 17:32 | Age | Castle Age |
| 17:50 | Create | Villager (Male) |
| 18:03 | Build | House |
| 18:10 | Create | Scout Cavalry |
| 18:20 | Build | Town Center |
| 18:23 | Research | Light Cavalry (upgrade) |
| 18:40 | Create | Villager (Male) |
| 18:45 | Create | Scout Cavalry |
| 18:46 | Create | Scout Cavalry |
| 18:54 | Create | Villager (Male) |
| 18:59 | Build | Farm |
| 19:15 | Build | Stone Wall |
| 19:29 | Create | Villager (Male) |
| 19:58 | Create | Villager (Male) |
| 19:59 | Build | Farm |
| 19:59 | Build | Farm |
| 20:04 | Build | Stone Wall |
| 20:31 | Build | Stone Wall |
| 20:46 | Create | Villager (Male) |
| 21:58 | Build | Lumber Camp |
| 22:14 | Build | Town Center |
| 23:31 | Build | Lumber Camp |
| 23:54 | Build | Farm |
| 23:54 | Build | Farm |
| 23:55 | Create | Villager (Male) |
| 23:55 | Create | Villager (Male) |
| 23:57 | Build | House |
| 24:04 | Build | House |
| 24:15 | Build | Palisade Wall |
| 24:29 | Build | Palisade Wall |
| 24:31 | Build | Palisade Wall |
| 24:33 | Build | Palisade Wall |
| 24:35 | Build | Palisade Wall |
| 24:36 | Build | Palisade Wall |
| 24:52 | Build | Palisade Wall |
| 25:07 | Build | Palisade Wall |
| 25:12 | Build | Farm |
| 25:13 | Build | Farm |
| 25:15 | Build | Farm |
| 25:16 | Build | House |
| 25:18 | Build | Farm |
| 25:20 | Build | Farm |
| 25:20 | Build | House |
| 25:49 | Build | House |
| 25:58 | Create | Villager (Male) |
| 26:04 | Build | Market |
| 26:28 | Create | Villager (Male) |
| 27:06 | Create | Villager (Male) |
| 27:24 | Create | Villager (Male) |
| 27:57 | Build | Town Center |
| 28:01 | Create | Villager (Male) |
| 28:01 | Create | Villager (Male) |
| 28:05 | Build | House |
| 28:06 | Build | House |
| 28:50 | Create | Villager (Male) |
| 29:14 | Build | Gate |
| 29:32 | Create | Villager (Male) |
| 30:05 | Create | Villager (Male) |
| 30:13 | Build | Mill |
| 30:14 | Build | Farm |
| 30:15 | Build | Farm |
| 30:16 | Build | Farm |
| 30:21 | Create | Villager (Male) |
| 30:51 | Build | Farm |
| 30:54 | Build | Farm |
Build order — OS+ | TeMo
First 150 of 311 actions detected
| 0:00 | Create | Villager (Male) |
| 0:01 | Create | Villager (Male) |
| 0:01 | Build | House |
| 0:02 | Build | House |
| 0:05 | Create | Villager (Male) |
| 0:06 | Create | Villager (Male) |
| 1:32 | Create | Villager (Male) |
| 1:33 | Create | Villager (Male) |
| 1:53 | Build | Lumber Camp |
| 2:02 | Create | Villager (Male) |
| 2:02 | Create | Villager (Male) |
| 2:50 | Create | Villager (Male) |
| 3:16 | Create | Villager (Male) |
| 3:35 | Create | Villager (Male) |
| 3:52 | Build | Palisade Wall |
| 3:56 | Build | House |
| 3:59 | Create | Villager (Male) |
| 4:11 | Build | Palisade Wall |
| 4:12 | Create | Villager (Male) |
| 4:23 | Create | Villager (Male) |
| 4:52 | Build | Palisade Wall |
| 5:15 | Build | Palisade Wall |
| 5:15 | Build | Palisade Wall |
| 5:17 | Build | Palisade Wall |
| 5:18 | Build | Palisade Wall |
| 5:38 | Create | Villager (Male) |
| 5:56 | Build | Mining Camp |
| 6:00 | Build | Palisade Wall |
| 6:01 | Build | Palisade Wall |
| 6:06 | Create | Villager (Male) |
| 6:08 | Create | Villager (Male) |
| 6:08 | Create | Villager (Male) |
| 6:30 | Build | Palisade Wall |
| 6:34 | Create | Villager (Male) |
| 7:16 | Research | Feudal Age |
| 7:16 | Research | Feudal Age |
| 7:31 | Build | House |
| 7:47 | Build | Palisade Wall |
| 7:48 | Build | Palisade Wall |
| 7:50 | Build | Palisade Wall |
| 8:05 | Create | Villager (Male) |
| 8:21 | Build | Barracks |
| 9:32 | Age | Feudal Age |
| 9:37 | Build | Archery Range |
| 9:39 | Research | Double-Bit Axe |
| 9:41 | Create | Villager (Male) |
| 9:49 | Build | Stone Wall |
| 9:58 | Create | Villager (Male) |
| 10:08 | Create | Spearman |
| 10:10 | Create | Villager (Male) |
| 10:20 | Build | Mill |
| 10:29 | Create | Villager (Male) |
| 10:31 | Create | Archer |
| 10:41 | Build | Stone Wall |
| 10:46 | Create | Archer |
| 10:48 | Create | Villager (Male) |
| 11:22 | Build | Archery Range |
| 11:28 | Create | Villager (Male) |
| 11:33 | Build | House |
| 11:53 | Create | Archer |
| 12:00 | Build | Blacksmith |
| 12:01 | Create | Villager (Male) |
| 12:05 | Create | Archer |
| 12:15 | Create | Archer |
| 12:17 | Build | Outpost |
| 12:24 | Build | Outpost |
| 12:32 | Build | House |
| 12:32 | Create | Archer |
| 12:35 | Create | Archer |
| 12:35 | Create | Archer |
| 12:44 | Research | Fletching |
| 12:54 | Create | Archer |
| 12:54 | Create | Archer |
| 13:02 | Create | Archer |
| 13:08 | Build | House |
| 13:10 | Create | Archer |
| 13:11 | Create | Archer |
| 13:14 | Create | Archer |
| 13:18 | Create | Villager (Male) |
| 13:19 | Build | House |
| 13:25 | Create | Archer |
| 13:25 | Create | Archer |
| 13:38 | Create | Archer |
| 13:38 | Create | Archer |
| 13:42 | Build | House |
| 13:43 | Build | House |
| 13:43 | Build | House |
| 13:51 | Build | House |
| 14:05 | Create | Villager (Male) |
| 14:20 | Create | Villager (Male) |
| 14:24 | Build | Stable |
| 14:28 | Build | House |
| 14:40 | Create | Archer |
| 14:56 | Build | Pasture |
| 14:57 | Build | Pasture |
| 15:12 | Create | Villager (Male) |
| 15:15 | Create | Archer |
| 15:34 | Create | Villager (Male) |
| 15:34 | Create | Archer |
| 15:35 | Create | Villager (Male) |
| 15:44 | Create | Archer |
| 15:44 | Create | Archer |
| 15:44 | Create | Archer |
| 15:47 | Create | Archer |
| 15:48 | Create | Archer |
| 15:48 | Create | Archer |
| 15:57 | Create | Villager (Male) |
| 16:04 | Create | Villager (Male) |
| 16:30 | Create | Archer |
| 16:30 | Create | Archer |
| 16:30 | Create | Villager (Male) |
| 16:37 | Research | Tech 1014 |
| 16:51 | Create | Archer |
| 17:08 | Build | House |
| 17:13 | Create | Archer |
| 17:14 | Create | Villager (Male) |
| 17:27 | Create | Archer |
| 17:31 | Build | Lumber Camp |
| 17:45 | Create | Archer |
| 17:46 | Create | Villager (Male) |
| 17:57 | Create | Archer |
| 17:57 | Create | Villager (Male) |
| 17:59 | Build | House |
| 17:59 | Build | House |
| 18:00 | Build | House |
| 18:00 | Build | House |
| 18:04 | Build | Stone Wall |
| 18:09 | Create | Villager (Male) |
| 18:16 | Create | Archer |
| 18:16 | Create | Villager (Male) |
| 18:23 | Build | Gate |
| 18:25 | Build | Stone Wall |
| 18:25 | Build | Stone Wall |
| 18:37 | Create | Villager (Male) |
| 18:55 | Create | Villager (Male) |
| 19:15 | Build | Pasture |
| 19:15 | Build | House |
| 19:17 | Build | Pasture |
| 19:18 | Build | Pasture |
| 19:55 | Create | Archer |
| 19:55 | Create | Archer |
| 20:08 | Create | Archer |
| 20:17 | Build | Pasture |
| 20:17 | Build | Pasture |
| 20:19 | Create | Villager (Male) |
| 20:21 | Build | Outpost |
| 20:30 | Build | Pasture |
| 20:36 | Build | Outpost |
| 20:46 | Create | Villager (Male) |
| 20:56 | Create | Archer |
Build order — PUB | Steak
First 150 of 159 actions detected
| 0:01 | Create | Villager (Male) |
| 0:01 | Create | Villager (Male) |
| 0:02 | Create | Villager (Male) |
| 0:02 | Create | Villager (Male) |
| 0:03 | Build | House |
| 0:04 | Build | House |
| 1:13 | Create | Villager (Male) |
| 1:54 | Create | Villager (Male) |
| 2:22 | Build | Mule Cart |
| 2:25 | Create | Villager (Male) |
| 2:44 | Create | Villager (Male) |
| 3:18 | Create | Villager (Male) |
| 3:43 | Create | Villager (Male) |
| 3:50 | Build | House |
| 3:51 | Build | House |
| 3:58 | Create | Villager (Male) |
| 4:13 | Create | Villager (Male) |
| 4:33 | Create | Villager (Male) |
| 4:35 | Build | Mill |
| 5:18 | Create | Villager (Male) |
| 5:22 | Create | Villager (Male) |
| 5:34 | Create | Villager (Male) |
| 5:59 | Create | Villager (Male) |
| 6:58 | Create | Villager (Male) |
| 6:58 | Create | Villager (Male) |
| 7:05 | Create | Villager (Male) |
| 8:01 | Build | Mule Cart |
| 8:12 | Research | Feudal Age |
| 8:17 | Create | Villager (Male) |
| 8:21 | Research | Loom |
| 10:16 | Build | Palisade Wall |
| 10:19 | Build | Palisade Wall |
| 10:26 | Build | Palisade Wall |
| 10:28 | Build | Palisade Wall |
| 10:33 | Age | Feudal Age |
| 10:37 | Build | Market |
| 10:42 | Build | Blacksmith |
| 11:36 | Research | Castle Age |
| 12:15 | Build | House |
| 12:46 | Build | House |
| 13:06 | Research | Double-Bit Axe |
| 13:13 | Research | Horse Collar |
| 13:16 | Build | Farm |
| 13:42 | Create | Villager (Male) |
| 14:16 | Age | Castle Age |
| 14:23 | Build | Monastery |
| 14:27 | Research | Scale Mail Armor |
| 14:28 | Create | Villager (Male) |
| 14:50 | Build | Siege Workshop |
| 14:55 | Create | Villager (Male) |
| 15:20 | Create | Warrior Priest |
| 15:27 | Build | House |
| 15:29 | Build | House |
| 15:32 | Create | Scorpion |
| 15:47 | Create | Warrior Priest |
| 15:53 | Create | Scorpion |
| 15:58 | Build | Farm |
| 16:01 | Build | Farm |
| 16:40 | Create | Battering Ram |
| 16:41 | Create | Villager (Male) |
| 16:48 | Create | Warrior Priest |
| 16:52 | Create | Villager (Male) |
| 16:55 | Build | Farm |
| 16:57 | Build | Farm |
| 16:58 | Create | Villager (Male) |
| 17:03 | Build | House |
| 17:03 | Build | House |
| 17:47 | Create | Mangonel |
| 17:47 | Create | Villager (Male) |
| 18:08 | Create | Warrior Priest |
| 18:13 | Build | House |
| 18:14 | Build | House |
| 18:16 | Build | House |
| 18:21 | Create | Villager (Male) |
| 18:22 | Create | Villager (Male) |
| 18:46 | Create | Warrior Priest |
| 18:58 | Create | Mangonel |
| 19:11 | Create | Warrior Priest |
| 19:14 | Build | House |
| 19:34 | Build | House |
| 19:38 | Build | House |
| 19:39 | Build | House |
| 19:43 | Build | Palisade Gate |
| 20:18 | Build | House |
| 20:18 | Build | House |
| 20:25 | Create | Mangonel |
| 20:29 | Create | Villager (Male) |
| 20:42 | Create | Villager (Male) |
| 20:44 | Build | House |
| 20:55 | Create | Villager (Male) |
| 21:45 | Create | Mangonel |
| 21:46 | Create | Villager (Male) |
| 22:24 | Build | House |
| 22:55 | Create | Mangonel |
| 22:57 | Create | Villager (Male) |
| 22:59 | Create | Villager (Male) |
| 23:20 | Create | Mangonel |
| 23:36 | Create | Villager (Male) |
| 23:38 | Build | Farm |
| 23:39 | Build | Farm |
| 24:29 | Build | House |
| 24:39 | Create | Mangonel |
| 24:42 | Create | Villager (Male) |
| 25:03 | Create | Villager (Male) |
| 25:12 | Build | House |
| 25:13 | Build | House |
| 25:18 | Create | Villager (Male) |
| 25:25 | Build | Farm |
| 25:47 | Create | Villager (Male) |
| 25:47 | Create | Mangonel |
| 25:52 | Create | Villager (Male) |
| 26:53 | Create | Villager (Male) |
| 26:53 | Create | Villager (Male) |
| 27:10 | Create | Villager (Male) |
| 27:33 | Create | Villager (Male) |
| 27:43 | Create | Villager (Male) |
| 27:52 | Build | Town Center |
| 28:03 | Build | Monastery |
| 28:15 | Create | Villager (Male) |
| 28:52 | Create | Villager (Male) |
| 28:53 | Create | Villager (Male) |
| 29:25 | Create | Mangonel |
| 29:29 | Create | Villager (Male) |
| 29:33 | Create | Villager (Male) |
| 29:34 | Build | Farm |
| 29:55 | Create | Villager (Male) |
| 30:14 | Create | Villager (Male) |
| 31:05 | Create | Villager (Male) |
| 31:28 | Create | Villager (Male) |
| 31:42 | Build | Farm |
| 31:42 | Build | Farm |
| 31:43 | Build | Farm |
| 31:43 | Build | Farm |
| 31:43 | Build | Farm |
| 31:43 | Build | Farm |
| 31:43 | Build | Farm |
| 31:44 | Build | Farm |
| 31:57 | Build | Town Center |
| 32:12 | Create | Villager (Male) |
| 32:27 | Create | Villager (Male) |
| 32:46 | Create | Villager (Male) |
| 33:10 | Create | Villager (Male) |
| 34:29 | Create | Villager (Male) |
| 34:29 | Create | Villager (Male) |
| 34:32 | Build | Farm |
| 34:32 | Build | Farm |
| 34:32 | Build | Farm |
| 34:33 | Build | Farm |
| 34:33 | Build | Farm |
| 34:33 | Build | Farm |
Build order — OS +| NeoZz
First 150 of 485 actions detected
| 0:01 | Create | Villager (Male) |
| 0:01 | Create | Villager (Male) |
| 0:10 | Create | Villager (Male) |
| 0:10 | Create | Villager (Male) |
| 1:20 | Create | Villager (Male) |
| 1:20 | Create | Villager (Male) |
| 1:22 | Build | Lumber Camp |
| 1:28 | Build | Lumber Camp |
| 1:31 | Create | Villager (Male) |
| 2:11 | Create | Villager (Male) |
| 2:43 | Create | Villager (Male) |
| 2:54 | Create | Villager (Male) |
| 2:55 | Create | Villager (Male) |
| 3:16 | Create | Villager (Male) |
| 3:33 | Create | Villager (Male) |
| 3:58 | Research | Loom |
| 4:12 | Create | Villager (Male) |
| 4:17 | Create | Villager (Male) |
| 4:23 | Create | Villager (Male) |
| 4:28 | Create | Villager (Male) |
| 4:47 | Create | Villager (Male) |
| 4:47 | Create | Villager (Male) |
| 4:49 | Build | Mill |
| 5:01 | Build | Palisade Wall |
| 5:02 | Build | Palisade Wall |
| 5:06 | Build | Palisade Wall |
| 5:06 | Build | Palisade Wall |
| 5:15 | Create | Villager (Male) |
| 5:22 | Build | Palisade Wall |
| 5:28 | Build | Palisade Wall |
| 5:37 | Create | Villager (Male) |
| 5:55 | Build | Palisade Wall |
| 5:57 | Build | Palisade Wall |
| 5:58 | Build | Palisade Wall |
| 6:14 | Create | Villager (Male) |
| 6:16 | Create | Villager (Male) |
| 6:31 | Create | Villager (Male) |
| 6:40 | Create | Villager (Male) |
| 7:09 | Build | Palisade Wall |
| 7:14 | Build | Palisade Wall |
| 7:16 | Build | Palisade Wall |
| 7:21 | Create | Villager (Male) |
| 7:50 | Build | Palisade Wall |
| 7:52 | Build | Palisade Wall |
| 7:57 | Build | Palisade Wall |
| 8:07 | Build | Palisade Wall |
| 8:08 | Build | Palisade Wall |
| 8:10 | Build | Palisade Wall |
| 8:26 | Build | Palisade Wall |
| 8:30 | Build | Palisade Wall |
| 8:34 | Build | Palisade Wall |
| 8:37 | Build | Palisade Wall |
| 8:40 | Build | Palisade Wall |
| 8:47 | Build | Palisade Wall |
| 9:01 | Research | Feudal Age |
| 10:03 | Build | Palisade Wall |
| 10:07 | Build | Palisade Wall |
| 10:09 | Build | Palisade Wall |
| 10:11 | Build | Palisade Wall |
| 10:13 | Build | Palisade Wall |
| 10:14 | Build | Palisade Wall |
| 10:15 | Build | Palisade Wall |
| 10:42 | Build | Palisade Wall |
| 10:43 | Build | Palisade Wall |
| 10:44 | Build | Palisade Wall |
| 10:45 | Build | Palisade Wall |
| 10:53 | Build | Palisade Wall |
| 10:55 | Create | Villager (Male) |
| 10:58 | Build | Mining Camp |
| 11:05 | Build | Barracks |
| 11:13 | Build | Palisade Gate |
| 11:19 | Build | Palisade Wall |
| 11:21 | Age | Feudal Age |
| 11:24 | Create | Villager (Male) |
| 11:27 | Build | Palisade Wall |
| 11:31 | Build | Market |
| 11:37 | Build | Palisade Wall |
| 12:01 | Create | Villager (Male) |
| 12:03 | Build | Blacksmith |
| 12:05 | Create | Villager (Male) |
| 12:06 | Create | Villager (Male) |
| 12:08 | Build | Palisade Wall |
| 12:09 | Create | Villager (Male) |
| 12:11 | Create | Villager (Male) |
| 12:15 | Build | Palisade Wall |
| 12:15 | Create | Villager (Male) |
| 12:54 | Build | Palisade Wall |
| 12:56 | Build | Palisade Wall |
| 13:03 | Create | Villager (Male) |
| 13:18 | Build | Palisade Wall |
| 13:28 | Create | Villager (Male) |
| 14:01 | Research | Castle Age |
| 14:37 | Research | Double-Bit Axe |
| 14:50 | Research | Horse Collar |
| 15:00 | Build | Farm |
| 15:15 | Build | Palisade Wall |
| 15:23 | Build | Farm |
| 15:24 | Create | Villager (Male) |
| 15:31 | Build | Market |
| 15:46 | Build | Market |
| 15:53 | Build | Palisade Wall |
| 16:41 | Age | Castle Age |
| 16:45 | Build | Town Center |
| 16:46 | Build | Town Center |
| 16:47 | Create | Villager (Male) |
| 17:04 | Research | Bow Saw |
| 17:05 | Build | Farm |
| 17:06 | Build | Farm |
| 17:06 | Build | Farm |
| 17:08 | Create | Villager (Male) |
| 17:15 | Create | Villager (Male) |
| 17:29 | Build | Farm |
| 17:45 | Create | Villager (Male) |
| 17:48 | Create | Villager (Male) |
| 17:49 | Build | Farm |
| 17:50 | Build | Farm |
| 18:04 | Create | Villager (Male) |
| 18:04 | Create | Villager (Male) |
| 18:07 | Create | Villager (Male) |
| 18:10 | Build | Farm |
| 18:14 | Create | Villager (Male) |
| 18:20 | Build | Farm |
| 18:30 | Build | Farm |
| 18:31 | Create | Villager (Male) |
| 18:33 | Create | Villager (Male) ×2 |
| 18:34 | Build | Farm |
| 18:43 | Create | Villager (Male) |
| 18:44 | Create | Villager (Male) |
| 18:45 | Build | Farm |
| 18:54 | Build | Farm |
| 18:55 | Create | Villager (Male) |
| 19:01 | Build | Farm |
| 19:10 | Build | Farm |
| 19:13 | Create | Villager (Male) |
| 19:18 | Build | Farm |
| 19:24 | Create | Villager (Male) |
| 19:32 | Create | Villager (Male) |
| 19:34 | Build | Farm |
| 19:35 | Build | Farm |
| 19:45 | Build | Farm |
| 19:46 | Create | Villager (Male) |
| 19:59 | Create | Villager (Male) ×2 |
| 20:01 | Build | Farm |
| 20:05 | Create | Villager (Male) |
| 20:25 | Create | Villager (Male) |
| 20:26 | Create | Villager (Male) ×2 |
| 20:32 | Build | Town Center |
| 20:35 | Create | Villager (Male) |
| 20:45 | Build | Farm |
| 20:48 | Build | Farm |
Build order — Nervkeks
First 150 of 384 actions detected
| 0:00 | Research | Loom |
| 0:36 | Create | Villager (Male) |
| 1:04 | Create | Villager (Male) |
| 1:29 | Create | Villager (Male) |
| 1:54 | Build | Palisade Wall |
| 1:55 | Build | Palisade Wall |
| 1:57 | Create | Villager (Male) |
| 2:29 | Create | Villager (Male) |
| 2:34 | Build | House |
| 2:46 | Create | Villager (Male) |
| 3:17 | Build | Lumber Camp |
| 3:21 | Create | Villager (Male) |
| 3:35 | Create | Villager (Male) |
| 3:58 | Build | Palisade Wall |
| 4:04 | Create | Villager (Male) |
| 4:23 | Create | Villager (Male) |
| 4:49 | Create | Villager (Male) |
| 4:58 | Create | Villager (Male) |
| 5:25 | Create | Villager (Male) |
| 6:07 | Create | Villager (Male) |
| 6:08 | Create | Villager (Male) |
| 6:32 | Build | House |
| 6:42 | Build | Palisade Wall |
| 6:44 | Build | House |
| 6:58 | Create | Villager (Male) |
| 6:58 | Create | Villager (Male) |
| 7:07 | Build | Mill |
| 7:29 | Build | House |
| 7:52 | Create | Villager (Male) |
| 7:52 | Create | Villager (Male) |
| 7:53 | Create | Villager (Male) |
| 7:53 | Create | Villager (Male) |
| 8:38 | Build | Palisade Wall |
| 8:39 | Build | Palisade Wall |
| 8:42 | Build | Palisade Wall |
| 8:42 | Build | Palisade Wall |
| 8:49 | Build | Palisade Wall |
| 9:21 | Build | Mining Camp |
| 9:33 | Build | Palisade Wall |
| 9:34 | Build | Palisade Wall |
| 9:42 | Create | Villager (Male) |
| 10:02 | Create | Villager (Male) |
| 10:26 | Create | Villager (Male) |
| 10:36 | Build | Palisade Wall |
| 10:52 | Create | Villager (Male) |
| 10:59 | Build | Palisade Wall |
| 11:06 | Build | Palisade Wall |
| 11:07 | Build | House |
| 11:09 | Research | Feudal Age |
| 11:18 | Create | Villager (Male) |
| 11:19 | Create | Villager (Male) |
| 11:38 | Build | Palisade Wall |
| 12:49 | Build | Farm |
| 12:50 | Build | Farm |
| 12:54 | Build | Farm |
| 13:19 | Age | Feudal Age |
| 13:21 | Build | Market |
| 13:22 | Build | Blacksmith |
| 13:25 | Build | Stone Wall |
| 13:28 | Build | Stone Wall |
| 13:33 | Research | Double-Bit Axe |
| 13:34 | Research | Horse Collar |
| 13:39 | Build | Farm |
| 13:41 | Build | Farm |
| 14:10 | Research | Castle Age |
| 14:48 | Build | House |
| 14:50 | Create | Villager (Male) |
| 15:04 | Build | Outpost |
| 15:39 | Build | House |
| 16:10 | Build | Barracks |
| 16:26 | Research | Gold Mining |
| 16:44 | Create | Villager (Male) |
| 16:47 | Research | Stone Mining |
| 16:50 | Age | Castle Age |
| 16:54 | Build | Town Center |
| 17:01 | Build | Town Center |
| 17:05 | Research | Bow Saw |
| 17:14 | Create | Fire Lancer |
| 17:15 | Create | Fire Lancer |
| 17:23 | Create | Villager (Male) |
| 17:30 | Create | Fire Lancer |
| 17:38 | Create | Villager (Male) |
| 17:41 | Build | Farm |
| 18:07 | Create | Fire Lancer |
| 18:07 | Create | Villager (Male) |
| 18:20 | Build | Farm |
| 18:21 | Create | Villager (Male) |
| 18:21 | Create | Villager (Male) |
| 18:32 | Create | Villager (Male) |
| 18:35 | Build | Farm |
| 18:39 | Create | Villager (Male) |
| 18:39 | Create | Villager (Male) |
| 18:48 | Create | Fire Lancer |
| 18:50 | Build | Farm |
| 18:52 | Build | Farm |
| 18:54 | Create | Villager (Male) |
| 18:58 | Build | Farm |
| 18:59 | Build | House |
| 19:06 | Create | Fire Lancer |
| 19:12 | Create | Villager (Male) |
| 19:22 | Create | Villager (Male) |
| 19:24 | Build | Farm |
| 19:34 | Build | Farm |
| 19:35 | Build | Farm |
| 19:36 | Create | Villager (Male) |
| 19:45 | Create | Villager (Male) |
| 19:56 | Create | Fire Lancer |
| 20:01 | Create | Villager (Male) |
| 20:02 | Build | Farm |
| 20:14 | Create | Villager (Male) |
| 20:23 | Create | Villager (Male) |
| 20:25 | Build | Farm |
| 20:26 | Create | Villager (Male) |
| 20:34 | Build | Castle |
| 20:41 | Create | Villager (Male) |
| 20:41 | Create | Villager (Male) |
| 20:44 | Build | Farm |
| 20:45 | Build | Farm |
| 20:57 | Create | Villager (Male) |
| 21:01 | Create | Villager (Male) |
| 21:08 | Build | Lumber Camp |
| 21:11 | Create | Villager (Male) |
| 21:18 | Create | Villager (Male) |
| 21:25 | Create | Villager (Male) |
| 21:32 | Create | Villager (Male) |
| 21:42 | Create | Villager (Male) |
| 21:47 | Build | Farm |
| 21:50 | Research | Fletching |
| 21:58 | Create | Chu Ko Nu |
| 21:58 | Create | Chu Ko Nu |
| 22:01 | Create | Villager (Male) |
| 22:04 | Create | Villager (Male) |
| 22:11 | Create | Chu Ko Nu |
| 22:13 | Create | Villager (Male) |
| 22:19 | Create | Villager (Male) |
| 22:30 | Create | Villager (Male) |
| 22:35 | Create | Chu Ko Nu |
| 22:39 | Create | Villager (Male) |
| 22:44 | Create | Villager (Male) |
| 22:47 | Build | Farm |
| 22:48 | Build | Farm |
| 22:49 | Build | Farm |
| 22:50 | Create | Villager (Male) |
| 22:51 | Build | Farm |
| 22:53 | Create | Villager (Male) |
| 22:55 | Create | Chu Ko Nu |
| 23:04 | Create | Chu Ko Nu |
| 23:17 | Create | Villager (Male) |
| 23:19 | Create | Villager (Male) |
| 23:20 | Create | Chu Ko Nu |
Build order — OS+ | aKaTepBackWards
First 150 of 371 actions detected
| 0:01 | Create | Villager (Male) |
| 0:01 | Create | Villager (Male) |
| 0:02 | Build | House |
| 0:03 | Build | House |
| 0:14 | Create | Villager (Male) |
| 0:15 | Create | Villager (Male) |
| 1:29 | Create | Villager (Male) |
| 1:48 | Build | Lumber Camp |
| 1:49 | Create | Villager (Male) |
| 2:23 | Create | Villager (Male) |
| 2:47 | Create | Villager (Male) |
| 2:58 | Create | Villager (Male) |
| 3:32 | Create | Villager (Male) |
| 3:51 | Create | Villager (Male) |
| 4:15 | Build | House |
| 4:15 | Build | House |
| 4:17 | Build | House |
| 4:17 | Build | House |
| 4:31 | Create | Villager (Male) |
| 4:31 | Create | Villager (Male) |
| 5:06 | Research | Loom |
| 5:23 | Create | Villager (Male) |
| 5:37 | Create | Villager (Male) |
| 5:57 | Build | Palisade Wall |
| 6:01 | Build | Palisade Wall |
| 6:05 | Build | Palisade Wall |
| 6:11 | Build | House |
| 6:21 | Build | Palisade Wall |
| 6:28 | Create | Villager (Male) |
| 6:30 | Create | Villager (Male) |
| 6:49 | Create | Villager (Male) |
| 7:10 | Create | Villager (Male) |
| 7:10 | Create | Villager (Male) |
| 7:30 | Build | Palisade Gate |
| 7:34 | Build | House |
| 7:49 | Build | Palisade Wall |
| 7:52 | Create | Villager (Male) |
| 7:55 | Build | Palisade Wall |
| 8:01 | Build | House |
| 8:10 | Create | Villager (Male) |
| 8:36 | Create | Villager (Male) |
| 9:15 | Build | Mining Camp |
| 9:38 | Build | Mill |
| 9:53 | Create | Villager (Male) |
| 9:54 | Research | Feudal Age |
| 10:37 | Create | Villager (Male) |
| 10:38 | Create | Villager (Male) |
| 11:47 | Create | Villager (Male) |
| 12:14 | Build | House |
| 12:36 | Age | Feudal Age |
| 12:37 | Build | Market |
| 12:40 | Build | Blacksmith |
| 12:44 | Research | Double-Bit Axe |
| 12:47 | Build | Palisade Wall |
| 13:28 | Research | Castle Age |
| 13:34 | Research | Horse Collar |
| 13:34 | Research | Horse Collar |
| 16:08 | Age | Castle Age |
| 16:09 | Build | Town Center |
| 16:11 | Create | Villager (Male) |
| 16:12 | Build | Town Center |
| 16:16 | Build | Town Center |
| 16:18 | Research | Bow Saw |
| 16:34 | Create | Villager (Male) |
| 16:35 | Create | Villager (Male) |
| 16:45 | Research | Heavy Plow |
| 17:01 | Create | Villager (Male) |
| 17:02 | Create | Villager (Male) |
| 17:07 | Create | Villager (Male) |
| 17:10 | Create | Villager (Male) |
| 17:12 | Build | Farm |
| 17:19 | Build | Farm |
| 17:27 | Create | Villager (Male) |
| 17:27 | Create | Villager (Male) |
| 17:28 | Create | Villager (Male) |
| 17:28 | Create | Villager (Male) |
| 17:28 | Create | Villager (Male) |
| 17:29 | Create | Villager (Male) |
| 17:29 | Create | Villager (Male) |
| 17:29 | Create | Villager (Male) |
| 17:30 | Create | Villager (Male) |
| 17:30 | Create | Villager (Male) |
| 17:30 | Create | Villager (Male) |
| 17:32 | Build | Farm |
| 17:35 | Build | Farm |
| 17:44 | Research | Wheelbarrow |
| 17:49 | Build | Farm |
| 17:52 | Build | Farm |
| 17:56 | Build | Farm |
| 17:59 | Create | Villager (Male) |
| 18:09 | Create | Villager (Male) |
| 18:19 | Create | Villager (Male) |
| 18:23 | Build | Barracks |
| 18:28 | Build | Farm |
| 18:30 | Build | Farm |
| 18:44 | Build | Farm |
| 18:44 | Build | Farm |
| 18:44 | Build | Farm |
| 18:44 | Build | Farm |
| 18:44 | Build | Farm |
| 18:45 | Build | Farm |
| 18:45 | Build | Farm |
| 18:54 | Build | Barracks |
| 19:01 | Create | Villager (Male) |
| 19:01 | Create | Villager (Male) |
| 19:25 | Build | Farm |
| 19:25 | Build | Farm |
| 19:31 | Create | Villager (Male) |
| 19:32 | Build | Farm |
| 19:34 | Build | Farm |
| 19:37 | Build | Farm |
| 19:40 | Create | Villager (Male) |
| 19:45 | Build | Siege Workshop |
| 19:54 | Build | Stable |
| 19:59 | Build | Stable |
| 20:00 | Create | Villager (Male) |
| 20:00 | Create | Villager (Male) |
| 20:01 | Create | Villager (Male) |
| 20:04 | Build | House |
| 20:05 | Build | House |
| 20:09 | Build | Farm |
| 20:10 | Build | Farm |
| 20:14 | Create | Villager (Male) |
| 20:16 | Build | Farm |
| 20:20 | Build | House |
| 20:20 | Build | House |
| 20:20 | Build | House |
| 20:20 | Build | House |
| 20:21 | Build | House |
| 20:21 | Build | House |
| 20:21 | Build | House |
| 20:30 | Create | Villager (Male) |
| 20:30 | Create | Villager (Male) |
| 20:36 | Build | Farm |
| 20:39 | Create | Scout Cavalry |
| 20:44 | Create | Villager (Male) |
| 20:44 | Create | Villager (Male) |
| 20:48 | Build | Stable |
| 20:53 | Research | Light Cavalry (upgrade) |
| 20:57 | Create | Villager (Male) |
| 21:01 | Build | Farm |
| 21:03 | Build | Farm |
| 21:06 | Build | Farm |
| 21:07 | Build | Farm |
| 21:09 | Create | Villager (Male) |
| 21:09 | Create | Villager (Male) |
| 21:11 | Build | Farm |
| 21:13 | Create | Villager (Male) |
| 21:27 | Create | Scout Cavalry |
| 21:28 | Create | Villager (Male) |
Match timeline
| 1:17 | Grinchy · wall_segment Palisade Wall x5 |
| 1:54 | Nervkeks · wall_segment Palisade Wall x1 |
| 1:55 | Nervkeks · wall_segment Palisade Wall x1 |
| 2:44 | PUB | Fanjita · wall_segment Palisade Wall x1 |
| 3:46 | PUB | Fanjita · wall_segment Palisade Wall x5 |
| 3:52 | OS+ | TeMo · wall_segment Palisade Wall x8 |
| 3:58 | Nervkeks · wall_segment Palisade Wall x5 |
| 4:11 | OS+ | TeMo · wall_segment Palisade Wall x9 |
| 4:52 | OS+ | TeMo · wall_segment Palisade Wall x5 |
| 5:01 | OS +| NeoZz · wall_segment Palisade Wall x1 |
| 5:02 | OS +| NeoZz · wall_segment Palisade Wall x1 |
| 5:06 | OS +| NeoZz · wall_segment Palisade Wall x1 |
| 5:06 | OS +| NeoZz · wall_segment Palisade Wall x1 |
| 5:09 | PUB | Fanjita · wall_segment Palisade Wall x2 |
| 5:15 | OS+ | TeMo · wall_segment Palisade Wall x1 |
| 5:15 | OS+ | TeMo · wall_segment Palisade Wall x1 |
| 5:17 | OS+ | TeMo · wall_segment Palisade Wall x1 |
| 5:18 | OS+ | TeMo · wall_segment Palisade Wall x1 |
| 5:22 | OS +| NeoZz · wall_segment Palisade Wall x1 |
| 5:28 | OS +| NeoZz · wall_segment Palisade Wall x1 |
| 5:30 | PUB | Fanjita · wall_segment Palisade Wall x1 |
| 5:33 | PUB | Fanjita · wall_segment Palisade Wall x1 |
| 5:33 | PUB | Fanjita · wall_segment Palisade Wall x1 |
| 5:55 | OS +| NeoZz · wall_segment Palisade Wall x1 |
| 5:57 | OS +| NeoZz · wall_segment Palisade Wall x1 |
| 5:57 | OS+ | aKaTepBackWards · wall_segment Palisade Wall x1 |
| 5:58 | OS +| NeoZz · wall_segment Palisade Wall x1 |
| 6:00 | OS+ | TeMo · wall_segment Palisade Wall x4 |
| 6:01 | OS+ | TeMo · wall_segment Palisade Wall x5 |
| 6:01 | OS+ | aKaTepBackWards · wall_segment Palisade Wall x1 |
| 6:05 | OS+ | aKaTepBackWards · wall_segment Palisade Wall x1 |
| 6:06 | PUB | Fanjita · wall_segment Palisade Wall x6 |
| 6:10 | Somero · wall_segment Palisade Wall x1 |
| 6:11 | Somero · wall_segment Palisade Wall x1 |
| 6:12 | Somero · wall_segment Palisade Wall x1 |
| 6:15 | Somero · wall_segment Palisade Wall x1 |
| 6:21 | OS+ | aKaTepBackWards · wall_segment Palisade Wall x1 |
| 6:30 | OS+ | TeMo · wall_segment Palisade Wall x1 |
| 6:35 | PUB | Fanjita · wall_segment Palisade Wall x3 |
| 6:39 | PUB | Fanjita · wall_segment Palisade Wall x1 |
| 6:42 | Nervkeks · wall_segment Palisade Wall x6 |
| 6:42 | PUB | Fanjita · wall_segment Palisade Wall x1 |
| 6:48 | PUB | Fanjita · wall_segment Palisade Wall x1 |
| 6:49 | Somero · wall_segment Palisade Wall x1 |
| 6:50 | PUB | Fanjita · wall_segment Palisade Wall x1 |
| 6:52 | PUB | Fanjita · wall_segment Palisade Wall x1 |
| 6:53 | Somero · wall_segment Palisade Wall x1 |
| 7:04 | Grinchy · wall_segment Palisade Wall x1 |
| 7:09 | Somero · wall_segment Palisade Wall x1 |
| 7:09 | OS +| NeoZz · wall_segment Palisade Wall x6 |
| 7:13 | Grinchy · wall_segment Palisade Wall x1 |
| 7:14 | OS +| NeoZz · wall_segment Palisade Wall x1 |
| 7:15 | Grinchy · wall_segment Palisade Wall x3 |
| 7:16 | OS +| NeoZz · wall_segment Palisade Wall x7 |
| 7:19 | Somero · wall_segment Palisade Wall x1 |
| 7:22 | Somero · wall_segment Palisade Wall x1 |
| 7:25 | Somero · wall_segment Palisade Wall x1 |
| 7:29 | Somero · wall_segment Palisade Wall x1 |
| 7:32 | Somero · wall_segment Palisade Wall x1 |
| 7:36 | Somero · wall_segment Palisade Wall x1 |
| 7:38 | Somero · wall_segment Palisade Wall x1 |
| 7:47 | OS+ | TeMo · wall_segment Palisade Wall x1 |
| 7:48 | OS+ | TeMo · wall_segment Palisade Wall x1 |
| 7:49 | OS+ | aKaTepBackWards · wall_segment Palisade Wall x1 |
| 7:50 | OS +| NeoZz · wall_segment Palisade Wall x1 |
| 7:50 | OS+ | TeMo · wall_segment Palisade Wall x1 |
| 7:52 | OS +| NeoZz · wall_segment Palisade Wall x1 |
| 7:55 | OS+ | aKaTepBackWards · wall_segment Palisade Wall x1 |
| 7:57 | OS +| NeoZz · wall_segment Palisade Wall x1 |
| 8:01 | Somero · wall_segment Palisade Wall x1 |
| 8:07 | OS +| NeoZz · wall_segment Palisade Wall x1 |
| 8:08 | OS +| NeoZz · wall_segment Palisade Wall x1 |
| 8:10 | OS +| NeoZz · wall_segment Palisade Wall x1 |
| 8:16 | Grinchy · wall_segment Palisade Wall x1 |
| 8:18 | Grinchy · wall_segment Palisade Wall x1 |
| 8:21 | OS+ | TeMo · first_building Barracks |
| 8:24 | Grinchy · wall_segment Palisade Wall x1 |
| 8:26 | OS +| NeoZz · wall_segment Palisade Wall x1 |
| 8:30 | OS +| NeoZz · wall_segment Palisade Wall x1 |
| 8:34 | OS +| NeoZz · wall_segment Palisade Wall x1 |
| 8:37 | OS +| NeoZz · wall_segment Palisade Wall x1 |
| 8:38 | Nervkeks · wall_segment Palisade Wall x1 |
| 8:39 | Nervkeks · wall_segment Palisade Wall x1 |
| 8:40 | OS +| NeoZz · wall_segment Palisade Wall x1 |
| 8:42 | Nervkeks · wall_segment Palisade Wall x1 |
| 8:42 | Nervkeks · wall_segment Palisade Wall x1 |
| 8:47 | OS +| NeoZz · wall_segment Palisade Wall x1 |
| 8:49 | Nervkeks · wall_segment Palisade Wall x1 |
| 9:32 | OS+ | TeMo · age_up feudal |
| 9:33 | Nervkeks · wall_segment Palisade Wall x1 |
| 9:34 | Nervkeks · wall_segment Palisade Wall x1 |
| 9:37 | OS+ | TeMo · first_building Archery Range |
| 9:49 | OS+ | TeMo · wall_segment Stone Wall x6 |
| 10:03 | OS +| NeoZz · wall_segment Palisade Wall x1 |
| 10:07 | OS +| NeoZz · wall_segment Palisade Wall x1 |
| 10:09 | OS +| NeoZz · wall_segment Palisade Wall x1 |
| 10:11 | OS +| NeoZz · wall_segment Palisade Wall x1 |
| 10:13 | OS +| NeoZz · wall_segment Palisade Wall x1 |
| 10:14 | OS +| NeoZz · wall_segment Palisade Wall x1 |
| 10:15 | OS +| NeoZz · wall_segment Palisade Wall x1 |
| 10:16 | PUB | Steak · wall_segment Palisade Wall x8 |
| 10:19 | PUB | Steak · wall_segment Palisade Wall x5 |
| 10:24 | PUB | Fanjita · wall_segment Palisade Wall x6 |
| 10:26 | PUB | Steak · wall_segment Palisade Wall x6 |
| 10:28 | PUB | Steak · wall_segment Palisade Wall x1 |
| 10:32 | PUB | Fanjita · wall_segment Palisade Wall x1 |
| 10:32 | PUB | Fanjita · wall_segment Palisade Wall x1 |
| 10:33 | PUB | Steak · age_up feudal |
| 10:36 | Nervkeks · wall_segment Palisade Wall x4 |
| 10:41 | PUB | Fanjita · wall_segment Palisade Wall x1 |
| 10:41 | OS+ | TeMo · wall_segment Stone Wall x8 |
| 10:42 | OS +| NeoZz · wall_segment Palisade Wall x1 |
| 10:43 | OS +| NeoZz · wall_segment Palisade Wall x1 |
| 10:44 | OS +| NeoZz · wall_segment Palisade Wall x1 |
| 10:45 | OS +| NeoZz · wall_segment Palisade Wall x1 |
| 10:53 | OS +| NeoZz · wall_segment Palisade Wall x1 |
| 10:53 | PUB | Fanjita · wall_segment Palisade Wall x3 |
| 10:59 | Nervkeks · wall_segment Palisade Wall x7 |
| 11:05 | OS +| NeoZz · first_building Barracks |
| 11:06 | Nervkeks · wall_segment Palisade Wall x1 |
| 11:17 | Grinchy · age_up feudal |
| 11:19 | OS +| NeoZz · wall_segment Palisade Wall x1 |
| 11:21 | Somero · age_up feudal |
| 11:21 | OS +| NeoZz · age_up feudal |
| 11:27 | OS +| NeoZz · wall_segment Palisade Wall x1 |
| 11:35 | PUB | Steak · first_market_sell 100 wood |
| 11:36 | PUB | Steak · first_market_buy 100 food |
| 11:37 | OS +| NeoZz · wall_segment Palisade Wall x1 |
| 11:38 | Nervkeks · wall_segment Palisade Wall x1 |
| 11:53 | Grinchy · wall_segment Stone Wall x5 |
| 12:08 | OS +| NeoZz · wall_segment Palisade Wall x6 |
| 12:15 | OS +| NeoZz · wall_segment Palisade Wall x8 |
| 12:36 | OS+ | aKaTepBackWards · age_up feudal |
| 12:47 | OS+ | aKaTepBackWards · wall_segment Palisade Wall x1 |
| 12:54 | OS +| NeoZz · wall_segment Palisade Wall x1 |
| 12:56 | OS +| NeoZz · wall_segment Palisade Wall x8 |
| 13:15 | PUB | Fanjita · wall_segment Palisade Wall x4 |
| 13:18 | OS +| NeoZz · wall_segment Palisade Wall x8 |
| 13:19 | Nervkeks · age_up feudal |
| 13:25 | Nervkeks · wall_segment Stone Wall x7 |
| 13:28 | Nervkeks · wall_segment Stone Wall x8 |
| 14:00 | PUB | Fanjita · age_up feudal |
| 14:16 | PUB | Steak · age_up castle |
| 14:23 | PUB | Steak · first_building Monastery |
| 14:24 | OS+ | TeMo · first_building Stable |
| 14:49 | PUB | Fanjita · wall_segment Stone Wall x6 |
| 14:50 | PUB | Steak · first_building Siege Workshop |
| 14:51 | Somero · age_up castle |
| 14:51 | Grinchy · age_up castle |
| 14:52 | Somero · first_building Siege Workshop |
| 14:54 | Somero · first_building Monastery |
| 14:58 | Somero · wall_segment Palisade Wall x4 |
| 15:04 | PUB | Fanjita · wall_segment Stone Wall x5 |
| 15:13 | Grinchy · first_building Siege Workshop |
| 15:15 | OS +| NeoZz · wall_segment Palisade Wall x8 |
| 15:17 | PUB | Fanjita · wall_segment Stone Wall x2 |
| 15:48 | Somero · first_building Barracks |
| 15:53 | OS +| NeoZz · wall_segment Palisade Wall x8 |
| 16:01 | PUB | Fanjita · wall_segment Stone Wall x1 |
| 16:06 | OS +| NeoZz · first_market_buy 100 wood |
| 16:08 | OS+ | aKaTepBackWards · age_up castle |
| 16:10 | Nervkeks · first_building Barracks |
| 16:28 | PUB | Fanjita · wall_segment Stone Wall x8 |
| 16:29 | Somero · first_market_sell 100 stone |
| 16:41 | OS +| NeoZz · age_up castle |
| 16:44 | OS+ | aKaTepBackWards · first_market_buy 100 wood |
| 16:50 | Nervkeks · age_up castle |
| 16:54 | PUB | Fanjita · first_building Barracks |
| 16:56 | Nervkeks · first_market_buy 100 stone |
| 17:28 | PUB | Fanjita · first_building Stable |
| 17:32 | PUB | Fanjita · age_up castle |
| 18:04 | OS+ | TeMo · wall_segment Stone Wall x9 |
| 18:23 | OS+ | aKaTepBackWards · first_building Barracks |
| 18:25 | OS+ | TeMo · wall_segment Stone Wall x1 |
| 18:25 | OS+ | TeMo · wall_segment Stone Wall x1 |
| 19:15 | PUB | Fanjita · wall_segment Stone Wall x9 |
| 19:45 | OS+ | aKaTepBackWards · first_building Siege Workshop |
| 19:54 | OS+ | aKaTepBackWards · first_building Stable |
| 20:04 | PUB | Fanjita · wall_segment Stone Wall x9 |
| 20:31 | PUB | Fanjita · wall_segment Stone Wall x9 |
| 20:34 | Nervkeks · first_building Castle |
| 20:37 | Somero · first_market_buy 100 stone |
| 22:02 | OS +| NeoZz · first_building Siege Workshop |
| 22:45 | OS +| NeoZz · wall_segment Stone Wall x6 |
| 22:49 | OS +| NeoZz · wall_segment Stone Wall x5 |
| 22:56 | Grinchy · first_market_sell 100 food |
| 23:14 | OS +| NeoZz · wall_segment Stone Wall x7 |
| 23:19 | Grinchy · wall_segment Palisade Wall x1 |
| 23:20 | Grinchy · wall_segment Palisade Wall x1 |
| 23:21 | Grinchy · wall_segment Palisade Wall x1 |
| 23:28 | Grinchy · wall_segment Palisade Wall x1 |
| 23:34 | OS+ | TeMo · wall_segment Stone Wall x8 |
| 23:36 | OS+ | TeMo · wall_segment Stone Wall x1 |
| 23:51 | OS +| NeoZz · wall_segment Stone Wall x7 |
| 23:54 | OS +| NeoZz · wall_segment Stone Wall x10 |
| 24:15 | PUB | Fanjita · wall_segment Palisade Wall x4 |
| 24:19 | OS+ | TeMo · age_up castle |
| 24:25 | OS +| NeoZz · wall_segment Stone Wall x10 |
| 24:29 | PUB | Fanjita · wall_segment Palisade Wall x1 |
| 24:31 | PUB | Fanjita · wall_segment Palisade Wall x1 |
| 24:33 | PUB | Fanjita · wall_segment Palisade Wall x1 |
| 24:35 | PUB | Fanjita · wall_segment Palisade Wall x1 |
| 24:36 | PUB | Fanjita · wall_segment Palisade Wall x1 |
| 24:39 | OS +| NeoZz · wall_segment Stone Wall x1 |
| 24:41 | Grinchy · first_market_buy 100 wood |
| 24:52 | PUB | Fanjita · wall_segment Palisade Wall x3 |
| 25:07 | PUB | Fanjita · wall_segment Palisade Wall x1 |
| 25:39 | OS+ | TeMo · first_market_buy 100 food |
| 26:09 | OS +| NeoZz · first_building Castle |
| 26:24 | Nervkeks · wall_segment Stone Wall x1 |
| 26:25 | Nervkeks · wall_segment Stone Wall x1 |
| 26:25 | Nervkeks · wall_segment Stone Wall x1 |
| 26:29 | Grinchy · first_building Barracks |
| 27:07 | OS+ | aKaTepBackWards · first_building Monastery |
| 27:22 | PUB | Fanjita · first_market_sell 100 wood |
| 27:23 | PUB | Fanjita · first_market_buy 100 stone |
| 27:48 | Nervkeks · first_market_sell 100 wood |
| 28:15 | OS+ | aKaTepBackWards · first_building Castle |
| 28:28 | Nervkeks · wall_segment Stone Wall x7 |
| 29:05 | OS +| NeoZz · first_building Stable |
| 29:31 | Grinchy · age_up imperial |
| 29:33 | Grinchy · first_building Castle |
| 30:07 | OS +| NeoZz · first_building Archery Range |
| 30:44 | Grinchy · wall_segment Stone Wall x1 |
| 30:58 | OS +| NeoZz · age_up imperial |
| 31:01 | Nervkeks · age_up imperial |
| 31:10 | OS+ | aKaTepBackWards · age_up imperial |
| 31:23 | OS+ | TeMo · first_market_sell 100 food |
| 32:05 | Somero · first_building Stable |
| 32:09 | OS+ | TeMo · first_building Monastery |
| 32:11 | Nervkeks · wall_segment Stone Wall x1 |
| 32:12 | Nervkeks · wall_segment Stone Wall x1 |
| 33:01 | OS +| NeoZz · first_market_sell 100 stone |
| 33:19 | Somero · first_building Castle |
| 34:09 | Nervkeks · first_building Siege Workshop |
| 34:46 | PUB | Steak · wall_segment Stone Wall x1 |
| 34:47 | PUB | Steak · wall_segment Stone Wall x1 |
| 35:09 | Somero · age_up imperial |
| 36:04 | OS+ | TeMo · age_up imperial |
| 36:20 | PUB | Fanjita · resign |
[ AI ANALYSIS · 1 CREDIT ]
What really happened in this match?
Wolo.gg analyzes every decision: build order, eco, micro, common mistakes by bracket. Personalized analysis on WhatsApp or Discord in 30 seconds.
Civ guide
Burmese
Perfil
Jugador #264353